Map: Frozen Temple

Players

Bunny

  • Race: Terran Terran

MaSa - Winner!

  • Race: Terran Terran

Event: DreamHack Open Tours WCS Spring Championship

VOD

https://youtu.be/PJhn0ohgIGU

Description

Time

  • Played on: May 15, 2016, 8:34 a.m.
  • Length: 12:01

All games in this series

Show
View Real Time Build Order
Export as new Build Order

Bunny Terran 

Build Orders: Liberator Opening 

Get SALT Encoding   

  12  0:00  SCV  
  13  0:13  SCV  
  14  0:18  Supply Depot  
  14  0:25  SCV  
  15  0:29  Refinery  
  15  0:39  SCV  
  16  0:44  Barracks  
  16  0:51  SCV  
  17  1:03  SCV  
  18  1:15  SCV  
  19  1:31  Orbital Command  
  19  1:32  Reaper  
  20  1:44  Supply Depot  
  20  1:49  Factory  
  20  1:53  Refinery  
  20  1:56  SCV  
  21  2:07  Reaper  
  22  2:08  SCV  
  23  2:19  Command Center  
  23  2:21  SCV  
  24  2:33  Hellion, SCV  
  27  2:40  Starport  
  27  2:45  Supply Depot  
  27  2:48  SCV  
  28  2:52  Barracks Reactor  
  30  2:58  Hellion  
  30  2:59  Liberator  
  30  3:01  SCV  
  37  3:20  Hellion  
  37  3:24  Supply Depot  
  36  3:32  Marine  
  36  3:33  Orbital Command  
  37  3:37  SCV  
  38  3:43  Hellion  
  38  3:48  Marine  
  40  3:56  SCV  
  41  4:04  Factory Tech Lab  
  41  4:05  Supply Depot  
  41  4:13  Orbital Command  
  41  4:14  Marine  
  41  4:15  Viking  
  44  4:17  SCV  
  44  4:22  Siege Tank  
  47  4:33  SCV  
  48  4:45  Medivac, SCV  
  51  4:52  Marine x2, Orbital Command  
  44  4:54  Siege Tank  
  44  4:57  SCV  
  48  5:01  Engineering Bay  
  48  5:09  SCV  
  49  5:15  Viking  
  50  5:21  SCV  
  50  5:24  SCV  
  51  5:29  Marine, Missile Turret  
  51  5:30  Marine  
  51  5:33  SCV  
  54  5:36  SCV  
  54  5:40  Missile Turret  
  55  5:46  SCV  
  55  5:47  Marine  
  55  5:48  Starport Reactor  
  58  5:50  SCV  
  58  5:56  Supply Depot  
  58  5:58  SCV  
  58  6:02  SCV  
  60  6:06  Siege Tank  
  60  6:10  SCV  
  62  6:16  SCV  
  62  6:18  Marine  
  62  6:27  SCV  
  62  6:28  Viking  
  62  6:31  Viking, Command Center  
  64  6:37  SCV  
  63  6:43  Marine  
  63  6:44  Marine  
  56  6:49  SCV  
  56  6:50  Refinery x2  
  56  6:53  Siege Tank, Barracks  
  60  6:58  Medivac, SCV  
  63  7:01  SCV  
  63  7:03  Medivac  
  66  7:09  Supply Depot  
  66  7:11  SCV  
  66  7:13  SCV  
  66  7:14  Marine  
  66  7:15  Marine  
  70  7:22  Barracks  
  70  7:23  SCV  
  70  7:31  Supply Depot, SCV  
  70  7:34  Viking  
  70  7:35  SCV  
  74  7:39  Viking  
  74  7:43  SCV  
  77  7:45  Orbital Command  
  77  7:46  Marine x2  
  77  7:47  Barracks Tech Lab  
  79  7:54  Siege Tank  
  81  8:01  Supply Depot  
  81  8:04  Marine x2  
  77  8:10  Marine x2  
  64  8:22  Marine x2  
  64  8:23  SCV  
  64  8:26  Siege Tank  
  63  8:28  SCV, Marine  
  63  8:31  Orbital Command  
  55  8:39  Refinery  
  55  8:40  Marine x2, Barracks Reactor  
  55  8:45  Viking  
  55  8:47  Barracks  
  55  8:48  Barracks  
  57  8:49  SCV  
  57  8:51  SCV  
  59  8:58  Marine x3  
  59  9:01  SCV  
  63  9:03  SCV  
  63  9:06  SCV  
  65  9:10  Siege Tank  
  65  9:13  SCV  
  65  9:15  SCV  
  65  9:16  Marine x3  
  73  9:18  SCV  
  73  9:20  Medivac  
  76  9:24  Medivac  
  76  9:25  SCV  
  76  9:27  SCV, Marine  
  76  9:30  Marine  
  82  9:32  SCV  
  82  9:33  Marine  
  82  9:36  Marine  
  83  9:38  Marine  
  83  9:40  SCV  
  83  9:41  Missile Turret  
  83  9:42  Orbital Command  
  83  9:45  Marine  
  77  9:48  Marine  
  77  9:51  Marine  
  73  9:54  Marine  
  73  9:56  Marine  
  71  10:03  Marine  
  71  10:05  SCV, Marine  
  74  10:08  Siege Tank  
  74  10:09  SCV, Marine  
  74  10:11  SCV  
  74  10:12  Marine  
  81  10:18  Medivac  
  81  10:19  SCV  
  81  10:21  Marine  
  85  10:22  SCV  
  85  10:23  SCV, Marine  
  85  10:27  Marine  
  90  10:30  Marine  
  90  10:31  SCV  
  90  10:32  Barracks Tech Lab  
  90  10:33  Barracks Tech Lab, Barracks Reactor  
  91  10:35  SCV  
  91  10:39  Marine  
  91  10:41  Marine  
  92  10:45  Marine  
  92  10:46  Siege Tank  
  92  10:47  Marine  
  96  10:50  Refinery  
  96  10:52  Refinery  
  96  10:55  Marine  
  96  10:56  Marine  
  98  10:57  Marine  
  98  10:59  Marine  
  98  11:02  Marine  
  101  11:05  Marine  
  101  11:06  Supply Depot, SCV x2  
  101  11:07  Supply Depot  
  104  11:13  Marine x3  
  104  11:14  Marine  
  104  11:15  Marine  
  104  11:17  Marine  
  109  11:20  Marine  
  109  11:23  Marine  
  99  11:31  Marine x3  
  99  11:32  Marine  
  88  11:33  Marine  
  88  11:34  Marine  
  88  11:38  Marine  
  82  11:42  Marine  
Show
View Real Time Build Order
Export as new Build Order

MaSa Terran - Winner!

Build Orders: 1/1/1, Bio Tank, Banshee Rush 

Get SALT Encoding   

  12  0:00  SCV  
  13  0:12  SCV  
  14  0:17  Supply Depot  
  14  0:24  SCV  
  14  0:27  Refinery  
  15  0:38  SCV  
  16  0:44  Barracks  
  16  0:51  SCV  
  17  1:03  SCV  
  18  1:15  SCV  
  19  1:19  Supply Depot  
  19  1:31  Factory, Orbital Command  
  19  1:35  Marine  
  20  1:52  Marine  
  21  1:56  SCV  
  21  2:00  Refinery  
  22  2:08  SCV  
  22  2:10  Marine  
  22  2:15  Hellion  
  26  2:17  Starport  
  26  2:21  SCV  
  27  2:25  Supply Depot  
  27  2:28  Marine  
  28  2:36  Hellion, SCV  
  31  2:47  Marine  
  31  2:48  SCV  
  33  2:51  Supply Depot  
  33  2:54  Medivac  
  35  3:01  Hellion  
  35  3:04  Marine  
  38  3:06  SCV  
  39  3:19  SCV  
  40  3:20  Supply Depot  
  40  3:23  Hellion, Barracks Reactor  
  42  3:30  Starport Tech Lab  
  42  3:34  SCV  
  42  3:44  Hellion  
  43  3:51  Cloaking Field, Banshee  
  45  4:11  Command Center  
  45  4:14  Factory Tech Lab  
  45  4:16  SCV  
  46  4:21  Marine  
  46  4:23  Marine  
  48  4:31  SCV  
  49  4:37  Banshee  
  50  4:46  SCV  
  47  4:57  Siege Tank  
  47  4:58  SCV  
  51  5:03  Marine x2  
  53  5:10  SCV  
  53  5:11  Supply Depot  
  54  5:22  SCV  
  57  5:34  SCV  
  54  5:37  Orbital Command  
  54  5:39  Siege Tank  
  56  5:46  Viking  
  56  5:47  Command Center  
  58  5:53  Viking  
  60  5:57  Stimpack  
  60  5:59  SCV  
  61  6:07  SCV  
  61  6:09  Marine  
  63  6:11  SCV  
  64  6:21  Viking  
  64  6:22  Siege Tank  
  64  6:23  Viking  
  70  6:27  SCV  
  68  6:33  SCV  
  69  6:45  SCV, Barracks  
  69  6:46  Engineering Bay  
  70  6:47  Marine, Barracks  
  70  6:50  SCV  
  70  6:51  Refinery, Medivac  
  70  6:52  Refinery  
  74  6:55  Medivac  
  74  6:57  SCV  
  77  7:04  SCV  
  77  7:06  Marine  
  77  7:08  Supply Depot  
  79  7:09  Supply Depot  
  79  7:12  Orbital Command  
  79  7:14  SCV  
  80  7:20  SCV  
  81  7:25  Marine  
  81  7:27  Medivac  
  84  7:32  Siege Tank  
  84  7:34  SCV x2  
  84  7:36  Barracks Reactor  
  89  7:38  Barracks Reactor  
  89  7:42  Orbital Command  
  89  7:47  SCV, Marine  
  89  7:49  Terran Infantry Weapons Level 1  
  91  7:54  SCV  
  92  7:59  SCV  
  92  8:05  Marine  
  91  8:10  SCV  
  91  8:14  Marine x2  
  91  8:15  SCV, Marine  
  91  8:23  SCV, Marine x2  
  92  8:28  SCV  
  92  8:30  SCV  
  92  8:32  Marine x2, Barracks x2  
  92  8:33  Marine, Barracks  
  87  8:35  SCV  
  87  8:37  Medivac x2  
  87  8:40  SCV  
  87  8:41  Marine  
  91  8:43  SCV  
  91  8:45  Refinery  
  91  8:47  Marine  
  91  8:48  SCV  
  94  8:49  Siege Tank  
  94  8:50  Marine  
  94  8:53  Marine x2  
  100  8:58  Marine  
  100  8:59  SCV  
  100  9:00  SCV  
  103  9:03  Refinery, SCV  
  103  9:04  Marine  
  103  9:05  Supply Depot x2  
  103  9:08  Marine  
  106  9:11  Combat Shields, Marine x2  
  106  9:16  Marine  
  109  9:18  Barracks Reactor  
  109  9:19  Barracks Reactor  
  109  9:21  Barracks Reactor  
  109  9:22  Supply Depot x2, Marine  
  109  9:23  Supply Depot  
  109  9:27  Marine  
  109  9:29  Marine x2  
  112  9:34  Marine  
  113  9:40  Marine, Siege Tank  
  113  9:44  Marine  
  116  9:46  Marine  
  116  9:47  Marine  
  116  9:52  Marine  
  119  9:54  Marine  
  119  9:55  Marine x2  
  119  9:58  Medivac, Marine  
  119  9:59  Medivac  
  124  10:00  Marine x3  
  124  10:02  Marine  
  124  10:04  Marine x2  
  125  10:10  Marine  
  125  10:12  Marine x2, Siege Tank  
  125  10:13  Marine  
  132  10:16  Marine  
  132  10:18  Marine x3  
  132  10:20  Marine  
  137  10:22  Marine x2, Armory  
  137  10:23  Engineering Bay  
  137  10:25  Supply Depot  
  139  10:28  Medivac  
  139  10:34  SCV  
  142  10:36  Marine x2  
  142  10:37  Marine  
  142  10:41  Medivac  
  147  10:48  Command Center  
  147  10:49  Marine x4  
  150  10:54  Siege Tank  
  150  10:56  Factory, Marine  
  154  10:57  Marine  
  154  11:00  Barracks Reactor  
  154  11:05  Supply Depot x2  
  154  11:07  Marine  
  154  11:10  Marine x2  
  157  11:22  Marine x5  
  157  11:24  Marine x2  
  157  11:25  Marine  
  150  11:28  Supply Depot, Marine x2  
  150  11:37  Marine x2  
  138  11:40  Marine x4  

Tags
 
Add a new tag
Caveats
  • Supply blocks, unpowered buildings, or Contaminate may cause inaccurate times.
  • Supply counts are checked every 10 seconds.